Bruins vs Blues
(R1)
Created - July 10, 2022 at 21:35
Goals
|
| Bruins |
2 |
1 |
1 |
4 |
| Blues |
2 |
1 |
0 |
3 |
|
Shots
|
| Bruins |
12 |
5 |
10 |
27 |
| Blues |
14 |
8 |
16 |
38 |
|
1st period
1. Blues , David Perron 1 (Devin Shore 1, Riley Sheahan 1) at 1:31
2. Blues , David Perron 2 (Cody Ceci 1, Devin Shore 2) at 7:00
3. Bruins , Casey Cizikas 1 (Brendan Smith 1, Jason Demers 1) at 12:50
4. Bruins , Victor Oreskovich 1 (Madison Bowey 1, Kevin Hayes 1) at 16:48
Penalties :
Brandon Montour (Stl) for Hooking (Minor) at 2:10, Matt Read (Bos) for Interference (Minor) at 4:21, Kevin Hayes (Bos) for Boarding (Minor) at 7:33, Brandon Montour (Stl) for Holding (Minor) at 17:52
2nd period
5. Blues , Matt Martin 1 (Auston Matthews 1) at 5:05
6. Bruins , Kevin Hayes 1 (Victor Oreskovich 1, Gabriel Landeskog 1) at 10:05
Penalties :
Brendan Smith (Bos) for Cross-checking (Minor) at 0:16, Riley Sheahan (Stl) for Interference (Minor) at 2:57, Filip Forsberg (Stl) for High sticking (Minor) at 6:57, Riley Sheahan (Stl) for Hooking (Minor) at 10:50, Jacob Slavin (Stl) for Hooking (Minor) at 13:57
3rd period
7. Bruins , Mikael Backlund 1 (Kris Chucko 1) at 8:55
Penalties :
Victor Oreskovich (Bos) for Roughing (Minor) at 6:35, Zack Kassian (Bos) for Interference (Minor) at 9:38
Goalie Stats
Kevin Poulin (Bos), 35 saves from 38 shots - (0.921), W, 1-0-0, 60:00 minutes
Carey Price (Stl), 23 saves from 27 shots - (0.852), L, 0-1-0, 58:48 minutes
Players Stats for Bruins
Player Name G A P +/- PIM S H SB GA TA FO MP PP MP PK MP
------------------------------------------------------------------------------------
Adam Pelech 0 0 0 -1 0 0 0 0 0 0 0/0 11:07 0:00 1:14
Alex Petrovic 0 0 0 -1 0 0 0 1 0 0 0/0 10:11 0:00 0:18
Andreas Athanasiou 0 0 0 0 0 0 1 0 0 0 0/0 6:08 0:01 0:00
Andrei Kostitsyn 0 0 0 0 0 1 2 0 2 0 0/0 10:39 0:01 2:14
Brendan Smith 0 1 1 0 2 0 1 2 0 0 0/0 29:12 7:34 4:32
Casey Cizikas 1 0 1 0 0 2 0 2 1 0 4/7 9:49 0:00 2:35
Gabriel Landeskog 0 1 1 1 0 1 1 0 0 0 0/1 20:16 5:17 2:59
Jason Demers 0 1 1 0 0 0 4 1 0 1 0/0 30:01 7:34 5:40
Jonathan Toews 0 0 0 0 0 1 2 0 1 0 20/43 22:02 6:36 2:43
Josh Manson 0 0 0 2 0 1 2 0 0 1 0/0 20:00 4:20 4:09
Kevin Hayes 1 1 2 1 2 2 0 1 0 0 0/6 17:20 5:17 0:00
Kris Chucko 0 1 1 0 0 2 0 0 0 0 0/0 4:57 0:00 0:00
Madison Bowey 0 1 1 2 0 0 3 2 0 0 0/0 19:48 4:20 3:57
Matt Read 0 0 0 0 2 1 0 0 0 0 0/0 8:04 0:01 0:00
Mikael Backlund 1 0 1 0 0 3 1 1 0 0 1/3 4:57 0:00 0:00
Victor Oreskovich 1 1 2 1 2 4 1 0 0 0 0/0 17:19 5:17 0:00
Wojtek Wolski 0 0 0 0 0 4 1 1 0 0 6/9 24:39 6:36 5:13
Zack Kassian 0 0 0 0 2 5 1 0 1 0 0/0 23:31 6:36 4:06
Players Stats for Blues
Player Name G A P +/- PIM S H SB GA TA FO MP PP MP PK MP
------------------------------------------------------------------------------------
Alex Pietrangelo 0 0 0 -2 0 5 2 1 1 1 0/0 24:16 6:25 1:32
Anthony Mantha 0 0 0 0 0 2 0 0 0 0 0/1 6:56 0:00 0:00
Auston Matthews 0 1 1 0 0 1 2 0 0 0 3/6 11:01 4:28 0:00
Brandon Montour 0 0 0 -1 4 0 0 0 0 0 0/0 14:42 3:52 1:17
Cody Ceci 0 1 1 2 0 1 0 1 0 1 0/0 21:13 0:05 6:53
David Perron 2 0 2 2 0 6 5 0 0 0 1/1 15:02 4:28 0:55
Devin Shore 0 2 2 2 0 3 1 0 0 0 2/4 10:07 0:00 0:28
Drew Shore 0 0 0 -1 0 3 2 0 0 1 9/14 13:43 0:00 6:48
Filip Forsberg 0 0 0 -2 2 2 2 0 0 0 1/1 20:39 5:27 0:00
Jacob Slavin 0 0 0 0 2 3 1 1 1 0 0/0 26:07 6:03 4:12
Ladislav Smid 0 0 0 0 0 0 1 1 0 0 0/0 7:08 0:00 3:08
Matt Martin 1 0 1 0 0 2 1 1 0 0 1/1 6:52 0:00 0:00
Nicklas Backstrom 0 0 0 -1 0 3 2 0 0 0 16/34 19:32 5:27 0:00
Patrick Kaleta 0 0 0 -2 0 0 1 0 0 1 0/0 11:09 0:00 3:58
Riley Sheahan 0 1 1 1 4 1 2 0 0 0 3/3 17:49 4:28 2:27
Ryan Murray 0 0 0 -1 0 1 2 0 0 0 0/0 26:17 3:25 6:46
Samuel Morin 0 0 0 -1 0 4 1 0 0 0 1/1 9:20 0:00 2:20
Tyler Johnson 0 0 0 -1 0 1 0 1 0 1 1/3 26:07 5:27 6:52
3 Stars
1 - David Perron (Stl)
2 - Victor Oreskovich (Bos)
3 - Madison Bowey (Bos)
Power Play
Bruins - 0 on 6 Attempt(s) - 0.00%
Blues - 0 on 5 Attempt(s) - 0.00%
Penalty Kill
Bruins - 5 on 5 Attempt(s) - 100.00%
- Score 0 goal in Penalty Kill
Blues - 6 on 6 Attempt(s) - 100.00%
- Score 0 goal in Penalty Kill
Team Stat
Bruins - Hits : 20 - Faceoff Wins : 31 - Blocked Shots : 11 - Penalty Minutes : 10
Blues - Hits : 25 - Faceoff Wins : 38 - Blocked Shots : 6 - Penalty Minutes : 12
Official
Referees : Kendrick Nicholson and Chris Lee
Linesman : Trent Knorr and Derek Nansen
Game Notes
Ladislav Smid is injured at 8:28 of 2nd period (Broken Bone (Left Foot))
Finance
Level 1 -- Attendance: 6000 (100.00%) -- Ticket Income $600,000
Level 2 -- Attendance: 5000 (100.00%) -- Ticket Income $300,000
Level 3 -- Attendance: 2000 (100.00%) -- Ticket Income $70,000
Level 4 -- Attendance: 4000 (100.00%) -- Ticket Income $100,000
Luxury Box -- Attendance: 1000 (100.00%) -- Ticket Income $200,000
Game was played at the Enterprise Center.
Total Attendance: 18000 (100.00%)
Total Ticket Income: $1,270,000
Other Income: $190,500
Total Income: $1,460,500
Bruins
5 vs 5 Forward
Center Left Wing Right Wing Time % Phy DF OF
1 Jonathan Toews Wojtek Wolski Zack Kassian 40 1 2 2
2 Kevin Hayes Gabriel Landeskog Victor Oreskovich 30 1 2 2
3 Casey Cizikas Andrei Kostitsyn Matt Read 20 1 2 2
4 Mikael Backlund Kris Chucko Andreas Athanasiou 10 1 2 2
5 vs 5 Defense
Defense Defense Time % Phy DF OF
1 Jason Demers Brendan Smith 40 1 2 2
2 Josh Manson Madison Bowey 30 1 2 2
3 Alex Petrovic Adam Pelech 20 1 2 2
4 Jason Demers Brendan Smith 10 1 2 2
PowerPlay Forward
Center Left Wing Right Wing Time % Phy DF OF
1 Jonathan Toews Wojtek Wolski Zack Kassian 60 1 2 2
2 Kevin Hayes Gabriel Landeskog Victor Oreskovich 40 1 2 2
PowerPlay Defense
Defense Defense Time % Phy DF OF
1 Jason Demers Brendan Smith 60 1 2 2
2 Josh Manson Madison Bowey 40 1 2 2
Penalty Kill 4 Players Forward
Center Wing Time % Phy DF OF
1 Wojtek Wolski Zack Kassian 60 1 2 2
2 Gabriel Landeskog Jonathan Toews 40 1 2 2
Penalty Kill 4 Players Defense
Defense Defense Time % Phy DF OF
1 Jason Demers Brendan Smith 60 1 2 2
2 Josh Manson Madison Bowey 40 1 2 2
Penalty Kill - 3 Players Forward
Forward Time % Phy DF OF
1 Wojtek Wolski 60 1 2 2
2 Zack Kassian 40 1 2 2
Penalty Kill - 3 Players Defense
Defense Defense Time % Phy DF OF
1 Jason Demers Brendan Smith 60 1 2 2
2 Josh Manson Madison Bowey 40 1 2 2
4 vs 4 Forward
Center Wing Time % Phy DF OF
1 Wojtek Wolski Zack Kassian 60 1 2 2
2 Gabriel Landeskog Jonathan Toews 40 1 2 2
4 vs 4 Defense
Defense Defense Time % Phy DF OF
1 Jason Demers Brendan Smith 60 1 2 2
2 Josh Manson Madison Bowey 40 1 2 2
Last Minutes Offensive
Center Left Wing Right Wing Defense Defense
Jonathan Toews Wojtek Wolski Zack Kassian Jason Demers Brendan Smith
Last Minutes Defensive
Center Left Wing Right Wing Defense Defense
Jonathan Toews Wojtek Wolski Zack Kassian Jason Demers Brendan Smith
Goaltenders
Starting : Kevin Poulin
Backup : Antti Niemi
Extra Forwards
Normal : Andrei Kostitsyn, Matt Read, Casey Cizikas - PP : Andrei Kostitsyn, Matt Read - PK : Casey Cizikas
Extra Defensemen
Normal : Alex Petrovic, Adam Pelech, Josh Manson - PP : Alex Petrovic - PK : Adam Pelech, Josh Manson
Penalty Shots
Wojtek Wolski, Zack Kassian, Gabriel Landeskog, Jonathan Toews, Kevin Hayes
Scratches
Torey Krug (Fractured Metatarsal (Right Foot) Injury)
Blues
5 vs 5 Forward
Center Left Wing Right Wing Time % Phy DF OF
1 Nicklas Backstrom Filip Forsberg Tyler Johnson 40 1 2 2
2 Devin Shore David Perron Riley Sheahan 30 1 2 2
3 Auston Matthews Matt Martin Anthony Mantha 20 1 2 2
4 Drew Shore Samuel Morin Patrick Kaleta 10 1 2 2
5 vs 5 Defense
Defense Defense Time % Phy DF OF
1 Alex Pietrangelo Ryan Murray 40 1 2 2
2 Jacob Slavin Cody Ceci 30 1 2 2
3 Ladislav Smid Brandon Montour 20 1 2 2
4 Ryan Murray Alex Pietrangelo 10 1 2 2
PowerPlay Forward
Center Left Wing Right Wing Time % Phy DF OF
1 Nicklas Backstrom Filip Forsberg Tyler Johnson 60 1 2 2
2 Auston Matthews David Perron Riley Sheahan 40 1 2 2
PowerPlay Defense
Defense Defense Time % Phy DF OF
1 Alex Pietrangelo Jacob Slavin 60 1 2 2
2 Brandon Montour Ryan Murray 40 1 2 2
Penalty Kill 4 Players Forward
Center Wing Time % Phy DF OF
1 Drew Shore Tyler Johnson 60 1 2 2
2 Riley Sheahan Patrick Kaleta 40 1 2 2
Penalty Kill 4 Players Defense
Defense Defense Time % Phy DF OF
1 Cody Ceci Ryan Murray 60 1 2 2
2 Ladislav Smid Jacob Slavin 40 1 2 2
Penalty Kill - 3 Players Forward
Forward Time % Phy DF OF
1 Riley Sheahan 60 1 2 2
2 Drew Shore 40 1 2 2
Penalty Kill - 3 Players Defense
Defense Defense Time % Phy DF OF
1 Cody Ceci Ladislav Smid 60 1 2 2
2 Ryan Murray Jacob Slavin 40 1 2 2
4 vs 4 Forward
Center Wing Time % Phy DF OF
1 Nicklas Backstrom Filip Forsberg 60 1 2 2
2 Drew Shore Tyler Johnson 40 1 2 2
4 vs 4 Defense
Defense Defense Time % Phy DF OF
1 Alex Pietrangelo Cody Ceci 60 1 2 2
2 Brandon Montour Ryan Murray 40 1 2 2
Last Minutes Offensive
Center Left Wing Right Wing Defense Defense
Nicklas Backstrom Filip Forsberg Tyler Johnson Alex Pietrangelo Jacob Slavin
Last Minutes Defensive
Center Left Wing Right Wing Defense Defense
Drew Shore David Perron Tyler Johnson Cody Ceci Ladislav Smid
Goaltenders
Starting : Carey Price
Backup : Joonas Korpisalo
Extra Forwards
Normal : Anthony Mantha, Auston Matthews, Samuel Morin - PP : Anthony Mantha, Devin Shore - PK : Samuel Morin
Extra Defensemen
Normal : Ladislav Smid, Brandon Montour, Jacob Slavin - PP : Brandon Montour - PK : Alex Pietrangelo, Brandon Montour
Penalty Shots
David Perron, Auston Matthews, Devin Shore, Filip Forsberg, Tyler Johnson
Scratches
Linus Omark (Healthy), Peter Regin (Healthy)
% Time on Ice - Bruins
Lines # - Real PCT - Wanted PCT - Time Play
Normal Forward
1 - 36% - 40% - 13:28
2 - 32% - 30% - 12:00
3 - 18% - 20% - 6:35
4 - 13% - 10% - 4:57
Normal Defense
1 - 42% - 40% - 15:36
2 - 31% - 30% - 11:31
3 - 25% - 20% - 9:14
4 - 2% - 10% - 0:39
PP Forward
1 - 56% - 60% - 6:37
2 - 44% - 40% - 5:17
PP Defense
1 - 64% - 60% - 7:34
2 - 36% - 40% - 4:20
PK Forward
1 - 76% - 60% - 7:30
2 - 24% - 40% - 2:25
PK Defense
1 - 60% - 60% - 5:58
2 - 40% - 40% - 3:57
PK3 Forward
1 - 0% - 60%
2 - 0% - 40%
PK3 Defense
1 - 0% - 60%
2 - 0% - 40%
44 Forward
1 - 0% - 60%
2 - 0% - 40%
44 Defense
1 - 0% - 60%
2 - 0% - 40%
Last Minute Offensive - 0:00
Last Minute Defensive - 1:11
Total
Forward - 60:00
Defense - 60:00
|
% Time on Ice - Blues
Lines # - Real PCT - Wanted PCT - Time Play
Normal Forward
1 - 39% - 40% - 14:24
2 - 29% - 30% - 10:52
3 - 18% - 20% - 6:31
4 - 15% - 10% - 5:27
Normal Defense
1 - 35% - 40% - 13:11
2 - 40% - 30% - 15:03
3 - 24% - 20% - 9:00
4 - 0% - 10% - 0:00
PP Forward
1 - 55% - 60% - 5:27
2 - 45% - 40% - 4:28
PP Defense
1 - 66% - 60% - 6:30
2 - 34% - 40% - 3:25
PK Forward
1 - 67% - 60% - 7:56
2 - 33% - 40% - 3:58
PK Defense
1 - 55% - 60% - 6:36
2 - 45% - 40% - 5:18
PK3 Forward
1 - 0% - 60%
2 - 0% - 40%
PK3 Defense
1 - 0% - 60%
2 - 0% - 40%
44 Forward
1 - 0% - 60%
2 - 0% - 40%
44 Defense
1 - 0% - 60%
2 - 0% - 40%
Last Minute Offensive - 0:57
Last Minute Defensive - 0:00
Total
Forward - 60:00
Defense - 60:00
|
Play-by-Play
1st period
0:01 of 1st period - Nicklas Backstrom wins face-off versus Jonathan Toews in neutral zone.
0:30 of 1st period - Off-side.
0:31 of 1st period - Matt Martin wins face-off versus Kevin Hayes in neutral zone.
0:42 of 1st period - Wrist shot by Matt Martin.
0:42 of 1st period - Shot Blocked by Madison Bowey.
0:44 of 1st period - Snap shot by Anthony Mantha.
0:44 of 1st period - Shot Blocked by Madison Bowey.
0:56 of 1st period - Cody Ceci is hit by Madison Bowey and loses puck.
1:29 of 1st period - Wrist shot by Devin Shore.
1:29 of 1st period - Stopped by Kevin Poulin with a rebound.
1:31 of 1st period - Snap shot by David Perron.
1:31 of 1st period - Goal by David Perron - Bruins : 0 - Blues : 1.
1:32 of 1st period - Jonathan Toews wins face-off versus Nicklas Backstrom in neutral zone.
1:47 of 1st period - Snap shot by Wojtek Wolski.
1:47 of 1st period - Shot Blocked by Ladislav Smid.
1:49 of 1st period - Slapshot by Jason Demers.
1:49 of 1st period - Shot Misses the Net.
2:01 of 1st period - Snap shot by David Perron.
2:01 of 1st period - Stopped by Kevin Poulin with a rebound.
2:10 of 1st period - Minor Penalty to Brandon Montour for Hooking.
2:11 of 1st period - Drew Shore wins face-off versus Jonathan Toews in Blues zone.
2:27 of 1st period - Wrist shot by Wojtek Wolski.
2:27 of 1st period - Shot Blocked by Tyler Johnson.
4:10 of 1st period - Penalty to Brandon Montour is over, Brandon Montour is back on ice.
4:21 of 1st period - Minor Penalty to Matt Read for Interference.
4:22 of 1st period - Wojtek Wolski wins face-off versus Nicklas Backstrom in Bruins zone.
4:36 of 1st period - Wrist shot by Nicklas Backstrom.
4:36 of 1st period - Shot Misses the Net.
4:38 of 1st period - Snap shot by Jacob Slavin.
4:38 of 1st period - Stopped by Kevin Poulin with a rebound.
4:49 of 1st period - Icing by Alex Pietrangelo.
4:50 of 1st period - Auston Matthews wins face-off versus Wojtek Wolski in Blues zone.
5:21 of 1st period - Wrist shot by Riley Sheahan.
5:21 of 1st period - Stopped by Kevin Poulin with a rebound.
5:23 of 1st period - Snap shot by Alex Pietrangelo.
5:23 of 1st period - Stopped by Kevin Poulin with a rebound.
5:25 of 1st period - Slapshot by Alex Pietrangelo.
5:25 of 1st period - Deflect By Gabriel Landeskog.
5:25 of 1st period - Stopped by Kevin Poulin with a rebound.
5:27 of 1st period - Snap shot by David Perron.
5:27 of 1st period - Stopped by Kevin Poulin without a rebound.
5:28 of 1st period - Wojtek Wolski wins face-off versus Nicklas Backstrom in Bruins zone.
6:21 of 1st period - Penalty to Matt Read is over, Matt Read is back on ice.
6:29 of 1st period - Snap shot by Kris Chucko.
6:29 of 1st period - Stopped by Carey Price without a rebound.
6:30 of 1st period - Mikael Backlund wins face-off versus Auston Matthews in Blues zone.
6:58 of 1st period - Snap shot by Devin Shore.
6:58 of 1st period - Shot Blocked by Alex Petrovic.
7:00 of 1st period - Slapshot by Cody Ceci.
7:00 of 1st period - Deflect By David Perron.
7:00 of 1st period - Goal by David Perron - Bruins : 0 - Blues : 2.
7:01 of 1st period - Jonathan Toews wins face-off versus Nicklas Backstrom in neutral zone.
7:15 of 1st period - Snap shot by Jonathan Toews.
7:15 of 1st period - Shot Misses the Net.
7:17 of 1st period - Snap shot by Wojtek Wolski.
7:17 of 1st period - Stopped by Carey Price with a rebound.
7:27 of 1st period - Jason Demers is hit by David Perron and loses puck.
7:33 of 1st period - Minor Penalty to Kevin Hayes for Boarding.
7:34 of 1st period - Wojtek Wolski wins face-off versus Nicklas Backstrom in Bruins zone.
7:56 of 1st period - Jason Demers is hit by Filip Forsberg and loses puck.
8:53 of 1st period - Jonathan Toews is hit by Filip Forsberg and loses puck.
9:22 of 1st period - Filip Forsberg is hit by Josh Manson.
9:33 of 1st period - Penalty to Kevin Hayes is over, Kevin Hayes is back on ice.
9:51 of 1st period - Alex Petrovic is hit by Drew Shore and loses puck.
10:02 of 1st period - Matt Martin is hit by Victor Oreskovich and loses puck.
10:09 of 1st period - Slapshot by Victor Oreskovich.
10:09 of 1st period - Stopped by Carey Price without a rebound.
10:10 of 1st period - Drew Shore wins face-off versus Casey Cizikas in Blues zone.
10:25 of 1st period - Josh Manson is hit by Jacob Slavin and loses puck.
10:48 of 1st period - Snap shot by Tyler Johnson.
10:48 of 1st period - Shot Misses the Net.
10:50 of 1st period - Slapshot by Jacob Slavin.
10:50 of 1st period - Stopped by Kevin Poulin with a rebound.
11:26 of 1st period - Wrist shot by Alex Pietrangelo.
11:26 of 1st period - Stopped by Kevin Poulin with a rebound.
11:50 of 1st period - Snap shot by Samuel Morin.
11:50 of 1st period - Shot Blocked by Casey Cizikas.
11:57 of 1st period - Off-side.
11:58 of 1st period - Jonathan Toews wins face-off versus Nicklas Backstrom in neutral zone.
12:25 of 1st period - Adam Pelech is hit by Riley Sheahan and loses puck.
12:50 of 1st period - Snap shot by Casey Cizikas.
12:50 of 1st period - Goal by Casey Cizikas - Bruins : 1 - Blues : 2.
12:51 of 1st period - Wojtek Wolski wins face-off versus Tyler Johnson in neutral zone.
12:56 of 1st period - Slapshot by Wojtek Wolski.
12:56 of 1st period - Stopped by Carey Price without a rebound.
12:57 of 1st period - Nicklas Backstrom wins face-off versus Jonathan Toews in Blues zone.
12:57 of 1st period - Nicklas Backstrom is hit by Jason Demers.
13:11 of 1st period - Wrist shot by Jonathan Toews.
13:11 of 1st period - Stopped by Carey Price with a rebound.
13:13 of 1st period - Snap shot by Zack Kassian.
13:13 of 1st period - Stopped by Carey Price with a rebound.
13:35 of 1st period - Wrist shot by David Perron.
13:35 of 1st period - Shot Blocked by Kevin Hayes.
13:37 of 1st period - Snap shot by Devin Shore.
13:37 of 1st period - Stopped by Kevin Poulin without a rebound.
13:38 of 1st period - Jonathan Toews wins face-off versus Nicklas Backstrom in Bruins zone.
14:03 of 1st period - Jacob Slavin is hit by Madison Bowey and loses puck.
14:15 of 1st period - Icing by David Perron.
14:16 of 1st period - Jonathan Toews wins face-off versus Devin Shore in Blues zone.
14:41 of 1st period - Wrist shot by Filip Forsberg.
14:41 of 1st period - Shot Blocked by Brendan Smith.
14:51 of 1st period - Backhand shot by Nicklas Backstrom.
14:51 of 1st period - Stopped by Kevin Poulin without a rebound.
14:52 of 1st period - Jonathan Toews wins face-off versus Anthony Mantha in Bruins zone.
15:45 of 1st period - Gabriel Landeskog is hit by David Perron and loses puck.
16:23 of 1st period - Jonathan Toews is hit by David Perron and loses puck.
16:32 of 1st period - Snap shot by Devin Shore.
16:32 of 1st period - Stopped by Kevin Poulin without a rebound.
16:33 of 1st period - Nicklas Backstrom wins face-off versus Kevin Hayes in Bruins zone.
16:44 of 1st period - Wrist shot by Kevin Hayes.
16:44 of 1st period - Deflect By Victor Oreskovich.
16:44 of 1st period - Stopped by Carey Price with a rebound.
16:48 of 1st period - Slapshot by Victor Oreskovich.
16:48 of 1st period - Goal by Victor Oreskovich - Bruins : 2 - Blues : 2.
16:49 of 1st period - Nicklas Backstrom wins face-off versus Jonathan Toews in neutral zone.
16:56 of 1st period - Snap shot by Tyler Johnson.
16:56 of 1st period - Shot Misses the Net.
17:23 of 1st period - Slapshot by Andrei Kostitsyn.
17:23 of 1st period - Shot Hit the Post.
17:37 of 1st period - Slapshot by Andrei Kostitsyn.
17:37 of 1st period - Stopped by Carey Price without a rebound.
17:38 of 1st period - Devin Shore wins face-off versus Kevin Hayes in Blues zone.
17:52 of 1st period - Minor Penalty to Brandon Montour for Holding.
17:53 of 1st period - Drew Shore wins face-off versus Jonathan Toews in Blues zone.
18:29 of 1st period - Wrist shot by Gabriel Landeskog.
18:29 of 1st period - Stopped by Carey Price without a rebound.
18:30 of 1st period - Riley Sheahan wins face-off versus Gabriel Landeskog in Blues zone.
18:45 of 1st period - Kevin Hayes is hit by Ladislav Smid and loses puck.
18:52 of 1st period - Slapshot by Josh Manson.
18:52 of 1st period - Stopped by Carey Price without a rebound.
18:53 of 1st period - Drew Shore wins face-off versus Jonathan Toews in Blues zone.
19:36 of 1st period - Off-side.
19:37 of 1st period - Riley Sheahan wins face-off versus Jonathan Toews in neutral zone.
19:52 of 1st period - Penalty to Brandon Montour is over, Brandon Montour is back on ice.
19:57 of 1st period - Wrist shot by Patrick Kaleta.
19:57 of 1st period - Shot Misses the Net.
Goals for this period are 2 for Bruins vs 2 for Blues.
Shots for this period are 12 for Bruins vs 14 for Blues.
2nd period
0:01 of 2nd period - Nicklas Backstrom wins face-off versus Jonathan Toews in neutral zone.
0:13 of 2nd period - Ryan Murray is hit by Jason Demers and loses puck.
0:16 of 2nd period - Minor Penalty to Brendan Smith for Cross-checking.
0:17 of 2nd period - Wojtek Wolski wins face-off versus Nicklas Backstrom in Bruins zone.
0:33 of 2nd period - Wrist shot by Zack Kassian.
0:33 of 2nd period - Stopped by Carey Price with a rebound.
0:43 of 2nd period - Adam Pelech is hit by Alex Pietrangelo and loses puck.
2:16 of 2nd period - Penalty to Brendan Smith is over, Brendan Smith is back on ice.
2:22 of 2nd period - Adam Pelech is hit by Drew Shore and loses puck.
2:51 of 2nd period - Wrist shot by Victor Oreskovich.
2:51 of 2nd period - Shot Misses the Net.
2:57 of 2nd period - Minor Penalty to Riley Sheahan for Interference.
2:58 of 2nd period - Jonathan Toews wins face-off versus Drew Shore in Blues zone.
4:20 of 2nd period - Icing by Zack Kassian.
4:21 of 2nd period - Jonathan Toews wins face-off versus Drew Shore in Bruins zone.
4:57 of 2nd period - Penalty to Riley Sheahan is over, Riley Sheahan is back on ice.
5:05 of 2nd period - Wrist shot by Matt Martin.
5:05 of 2nd period - Goal by Matt Martin - Bruins : 2 - Blues : 3.
5:06 of 2nd period - Tyler Johnson wins face-off versus Jonathan Toews in neutral zone.
5:23 of 2nd period - Wrist shot by Jonathan Toews.
5:23 of 2nd period - Shot Blocked by Alex Pietrangelo.
5:33 of 2nd period - Brendan Smith is hit by Ryan Murray and loses puck.
5:54 of 2nd period - Wrist shot by Matt Read.
5:54 of 2nd period - Shot Blocked by Matt Martin.
6:02 of 2nd period - Auston Matthews is hit by Jason Demers and loses puck.
6:40 of 2nd period - Off-side.
6:41 of 2nd period - Drew Shore wins face-off versus Mikael Backlund in neutral zone.
6:47 of 2nd period - Snap shot by Samuel Morin.
6:47 of 2nd period - Stopped by Kevin Poulin without a rebound.
6:48 of 2nd period - Jonathan Toews wins face-off versus Tyler Johnson in Bruins zone.
6:55 of 2nd period - Snap shot by Zack Kassian.
6:55 of 2nd period - Stopped by Carey Price with a rebound.
6:57 of 2nd period - Minor Penalty to Filip Forsberg for High sticking.
6:58 of 2nd period - Drew Shore wins face-off versus Jonathan Toews in Blues zone.
8:01 of 2nd period - Snap shot by David Perron.
8:01 of 2nd period - Stopped by Kevin Poulin without a rebound.
8:02 of 2nd period - David Perron wins face-off versus Jonathan Toews in Bruins zone.
8:27 of 2nd period - Ladislav Smid is hit by Jason Demers and loses puck.
8:28 of 2nd period - Ladislav Smid from Blues is injured at 8:28 of 2nd period (Broken Bone (Left Foot)).
8:29 of 2nd period - Jonathan Toews wins face-off versus Drew Shore in Blues zone.
8:56 of 2nd period - Jason Demers is hit by Patrick Kaleta and loses puck.
8:57 of 2nd period - Penalty to Filip Forsberg is over, Filip Forsberg is back on ice.
9:13 of 2nd period - Snap shot by Filip Forsberg.
9:13 of 2nd period - Stopped by Kevin Poulin with a rebound.
10:05 of 2nd period - Snap shot by Victor Oreskovich.
10:05 of 2nd period - Deflect By Kevin Hayes.
10:05 of 2nd period - Goal by Kevin Hayes - Bruins : 3 - Blues : 3.
10:06 of 2nd period - Jonathan Toews wins face-off versus Auston Matthews in neutral zone.
10:06 of 2nd period - Jonathan Toews is hit by Auston Matthews.
10:14 of 2nd period - Snap shot by Zack Kassian.
10:14 of 2nd period - Stopped by Carey Price with a rebound.
10:37 of 2nd period - Off-side.
10:38 of 2nd period - Casey Cizikas wins face-off versus Devin Shore in neutral zone.
10:50 of 2nd period - Minor Penalty to Riley Sheahan for Hooking.
10:51 of 2nd period - Jonathan Toews wins face-off versus Drew Shore in Blues zone.
10:56 of 2nd period - Off-side.
10:57 of 2nd period - Jonathan Toews wins face-off versus Drew Shore in neutral zone.
11:02 of 2nd period - Snap shot by Zack Kassian.
11:02 of 2nd period - Shot Misses the Net.
12:50 of 2nd period - Penalty to Riley Sheahan is over, Riley Sheahan is back on ice.
12:53 of 2nd period - Icing by Cody Ceci.
12:54 of 2nd period - Samuel Morin wins face-off versus Casey Cizikas in Blues zone.
12:59 of 2nd period - Alex Petrovic is hit by Alex Pietrangelo and loses puck.
13:06 of 2nd period - Slapshot by Alex Pietrangelo.
13:06 of 2nd period - Stopped by Kevin Poulin with a rebound.
13:08 of 2nd period - Snap shot by Auston Matthews.
13:08 of 2nd period - Stopped by Kevin Poulin with a rebound.
13:10 of 2nd period - Slapshot by Anthony Mantha.
13:10 of 2nd period - Stopped by Kevin Poulin with a rebound.
13:20 of 2nd period - Adam Pelech is hit by Ryan Murray and loses puck.
13:55 of 2nd period - Snap shot by Casey Cizikas.
13:55 of 2nd period - Shot Misses the Net.
13:57 of 2nd period - Minor Penalty to Jacob Slavin for Hooking.
13:58 of 2nd period - Drew Shore wins face-off versus Jonathan Toews in Blues zone.
15:57 of 2nd period - Penalty to Jacob Slavin is over, Jacob Slavin is back on ice.
16:11 of 2nd period - Snap shot by Jacob Slavin.
16:11 of 2nd period - Deflect By Samuel Morin.
16:11 of 2nd period - Stopped by Kevin Poulin with a rebound.
17:25 of 2nd period - Slapshot by Matt Read.
17:25 of 2nd period - Stopped by Carey Price without a rebound.
17:26 of 2nd period - Jonathan Toews wins face-off versus Nicklas Backstrom in Blues zone.
18:23 of 2nd period - Victor Oreskovich is hit by Nicklas Backstrom and loses puck.
18:44 of 2nd period - Devin Shore is hit by Mikael Backlund and loses puck.
18:51 of 2nd period - Snap shot by Kris Chucko.
18:51 of 2nd period - Shot Misses the Net.
18:53 of 2nd period - Slapshot by Casey Cizikas.
18:53 of 2nd period - Shot Misses the Net.
19:16 of 2nd period - Kevin Hayes is hit by David Perron and loses puck.
Goals for this period are 1 for Bruins vs 1 for Blues.
Shots for this period are 5 for Bruins vs 8 for Blues.
3rd period
0:01 of 3rd period - Jonathan Toews wins face-off versus Nicklas Backstrom in neutral zone.
0:04 of 3rd period - Tyler Johnson is hit by Zack Kassian and loses puck.
0:27 of 3rd period - Devin Shore is hit by Gabriel Landeskog and loses puck.
0:38 of 3rd period - Snap shot by Kevin Hayes.
0:38 of 3rd period - Stopped by Carey Price without a rebound.
0:39 of 3rd period - Casey Cizikas wins face-off versus Nicklas Backstrom in Blues zone.
1:04 of 3rd period - Devin Shore is hit by Jonathan Toews.
1:08 of 3rd period - Wrist shot by Wojtek Wolski.
1:08 of 3rd period - Shot Hit the Post.
1:26 of 3rd period - Alex Petrovic is hit by Auston Matthews and loses puck.
1:35 of 3rd period - Snap shot by Kevin Hayes.
1:35 of 3rd period - Shot Blocked by Jacob Slavin.
1:51 of 3rd period - Slapshot by Patrick Kaleta.
1:51 of 3rd period - Shot Blocked by Mikael Backlund.
1:53 of 3rd period - Snap shot by Drew Shore.
1:53 of 3rd period - Stopped by Kevin Poulin without a rebound.
1:54 of 3rd period - Nicklas Backstrom wins face-off versus Jonathan Toews in Bruins zone.
1:55 of 3rd period - Wrist shot by Tyler Johnson.
1:55 of 3rd period - Shot Misses the Net.
1:57 of 3rd period - Wrist shot by Filip Forsberg.
1:57 of 3rd period - Shot Blocked by Brendan Smith.
1:59 of 3rd period - Slapshot by Alex Pietrangelo.
1:59 of 3rd period - Shot Misses the Net.
2:01 of 3rd period - Slapshot by Ryan Murray.
2:01 of 3rd period - Stopped by Kevin Poulin with a rebound.
2:03 of 3rd period - Slapshot by Alex Pietrangelo.
2:03 of 3rd period - Stopped by Kevin Poulin without a rebound.
2:04 of 3rd period - Jonathan Toews wins face-off versus Nicklas Backstrom in Bruins zone.
2:16 of 3rd period - Off-side.
2:17 of 3rd period - Jonathan Toews wins face-off versus Nicklas Backstrom in neutral zone.
2:22 of 3rd period - Wrist shot by Zack Kassian.
2:22 of 3rd period - Stopped by Carey Price without a rebound.
2:23 of 3rd period - Nicklas Backstrom wins face-off versus Jonathan Toews in Blues zone.
2:51 of 3rd period - Icing by Filip Forsberg.
2:52 of 3rd period - Riley Sheahan wins face-off versus Kevin Hayes in Blues zone.
2:58 of 3rd period - Off-side.
2:59 of 3rd period - Jonathan Toews wins face-off versus Nicklas Backstrom in neutral zone.
3:32 of 3rd period - Slapshot by Victor Oreskovich.
3:32 of 3rd period - Stopped by Carey Price with a rebound.
3:56 of 3rd period - Wrist shot by Patrick Kaleta.
3:56 of 3rd period - Shot Misses the Net.
3:58 of 3rd period - Wrist shot by Drew Shore.
3:58 of 3rd period - Stopped by Kevin Poulin without a rebound.
3:59 of 3rd period - Nicklas Backstrom wins face-off versus Jonathan Toews in Bruins zone.
3:59 of 3rd period - Nicklas Backstrom is hit by Josh Manson.
4:01 of 3rd period - Wrist shot by Filip Forsberg.
4:01 of 3rd period - Stopped by Kevin Poulin with a rebound.
4:29 of 3rd period - Off-side.
4:30 of 3rd period - Devin Shore wins face-off versus Kevin Hayes in neutral zone.
4:57 of 3rd period - Snap shot by David Perron.
4:57 of 3rd period - Stopped by Kevin Poulin without a rebound.
4:58 of 3rd period - Jonathan Toews wins face-off versus Nicklas Backstrom in Bruins zone.
6:04 of 3rd period - Kevin Hayes is hit by Devin Shore and loses puck.
6:35 of 3rd period - Minor Penalty to Victor Oreskovich for Roughing.
6:36 of 3rd period - Nicklas Backstrom wins face-off versus Wojtek Wolski in Bruins zone.
7:32 of 3rd period - Auston Matthews is hit by Madison Bowey and loses puck.
8:09 of 3rd period - Brandon Montour is hit by Andrei Kostitsyn.
8:35 of 3rd period - Penalty to Victor Oreskovich is over, Victor Oreskovich is back on ice.
8:43 of 3rd period - Wrist shot by Mikael Backlund.
8:43 of 3rd period - Stopped by Carey Price with a rebound.
8:45 of 3rd period - Wrist shot by Kris Chucko.
8:45 of 3rd period - Stopped by Carey Price without a rebound.
8:46 of 3rd period - Drew Shore wins face-off versus Mikael Backlund in Blues zone.
8:53 of 3rd period - Snap shot by Mikael Backlund.
8:53 of 3rd period - Shot Misses the Net.
8:55 of 3rd period - Slapshot by Mikael Backlund.
8:55 of 3rd period - Goal by Mikael Backlund - Bruins : 4 - Blues : 3.
8:56 of 3rd period - Nicklas Backstrom wins face-off versus Jonathan Toews in neutral zone.
8:56 of 3rd period - Alex Pietrangelo is hit by Wojtek Wolski and loses puck.
9:07 of 3rd period - Wrist shot by Wojtek Wolski.
9:07 of 3rd period - Stopped by Carey Price without a rebound.
9:08 of 3rd period - Filip Forsberg wins face-off versus Jonathan Toews in Blues zone.
9:16 of 3rd period - Snap shot by Nicklas Backstrom.
9:16 of 3rd period - Stopped by Kevin Poulin without a rebound.
9:17 of 3rd period - Nicklas Backstrom wins face-off versus Jonathan Toews in Bruins zone.
9:38 of 3rd period - Minor Penalty to Zack Kassian for Interference.
9:39 of 3rd period - Nicklas Backstrom wins face-off versus Wojtek Wolski in Bruins zone.
9:43 of 3rd period - Backhand shot by Tyler Johnson.
9:43 of 3rd period - Stopped by Kevin Poulin with a rebound.
9:45 of 3rd period - Slapshot by Alex Pietrangelo.
9:45 of 3rd period - Shot Blocked by Wojtek Wolski.
9:47 of 3rd period - Wrist shot by Tyler Johnson.
9:47 of 3rd period - Shot Blocked by Casey Cizikas.
9:49 of 3rd period - Backhand shot by Jacob Slavin.
9:49 of 3rd period - Deflect By Filip Forsberg.
9:49 of 3rd period - Shot Misses the Net.
9:49 of 3rd period - Puck is out of play.
9:50 of 3rd period - Wojtek Wolski wins face-off versus Nicklas Backstrom in Bruins zone.
9:50 of 3rd period - Wojtek Wolski is hit by Nicklas Backstrom.
11:16 of 3rd period - Alex Pietrangelo is hit by Brendan Smith and loses puck.
11:38 of 3rd period - Penalty to Zack Kassian is over, Zack Kassian is back on ice.
11:43 of 3rd period - Mikael Backlund is hit by Samuel Morin.
11:58 of 3rd period - Brandon Montour is hit by Andreas Athanasiou and loses puck.
12:02 of 3rd period - Icing by Patrick Kaleta.
12:03 of 3rd period - Drew Shore wins face-off versus Kevin Hayes in Blues zone.
12:36 of 3rd period - Wrist shot by Drew Shore.
12:36 of 3rd period - Stopped by Kevin Poulin with a rebound.
12:52 of 3rd period - Backhand shot by Samuel Morin.
12:52 of 3rd period - Stopped by Kevin Poulin with a rebound.
12:54 of 3rd period - Snap shot by Samuel Morin.
12:54 of 3rd period - Stopped by Kevin Poulin without a rebound.
12:55 of 3rd period - Nicklas Backstrom wins face-off versus Jonathan Toews in Bruins zone.
13:06 of 3rd period - Snap shot by Wojtek Wolski.
13:06 of 3rd period - Shot Blocked by Cody Ceci.
13:08 of 3rd period - Wrist shot by Wojtek Wolski.
13:08 of 3rd period - Stopped by Carey Price without a rebound.
13:09 of 3rd period - Nicklas Backstrom wins face-off versus Jonathan Toews in Blues zone.
13:35 of 3rd period - David Perron is hit by Andrei Kostitsyn and loses puck.
13:42 of 3rd period - Brendan Smith is hit by Riley Sheahan and loses puck.
13:55 of 3rd period - Kris Chucko is hit by Matt Martin and loses puck.
14:04 of 3rd period - Snap shot by Mikael Backlund.
14:04 of 3rd period - Stopped by Carey Price without a rebound.
14:05 of 3rd period - Jonathan Toews wins face-off versus Nicklas Backstrom in Blues zone.
15:58 of 3rd period - Icing by Brandon Montour.
15:59 of 3rd period - Casey Cizikas wins face-off versus Nicklas Backstrom in Blues zone.
16:02 of 3rd period - Snap shot by Casey Cizikas.
16:02 of 3rd period - Deflect By Tyler Johnson.
16:02 of 3rd period - Stopped by Carey Price without a rebound.
16:03 of 3rd period - Casey Cizikas wins face-off versus Auston Matthews in Blues zone.
17:25 of 3rd period - Wrist shot by Nicklas Backstrom.
17:25 of 3rd period - Shot Blocked by Jason Demers.
17:27 of 3rd period - Slapshot by Jacob Slavin.
17:27 of 3rd period - Stopped by Kevin Poulin with a rebound.
17:29 of 3rd period - Snap shot by Tyler Johnson.
17:29 of 3rd period - Shot Misses the Net.
17:31 of 3rd period - Snap shot by Nicklas Backstrom.
17:31 of 3rd period - Stopped by Kevin Poulin without a rebound.
17:32 of 3rd period - Auston Matthews wins face-off versus Casey Cizikas in Bruins zone.
18:18 of 3rd period - Wojtek Wolski is hit by David Perron.
18:32 of 3rd period - Brandon Montour is hit by Jonathan Toews and loses puck.
18:48 of 3rd period - Blues, Carey Price is pulled from the net.
18:48 of 3rd period - Snap shot by Auston Matthews.
18:48 of 3rd period - Deflect By Matt Martin.
18:48 of 3rd period - Shot Misses the Net.
18:48 of 3rd period - Puck is out of play.
18:49 of 3rd period - Paul Kariya call a timeout for Blues.
18:49 of 3rd period - Auston Matthews wins face-off versus Jonathan Toews in Bruins zone.
18:56 of 3rd period - Wrist shot by Matt Martin.
18:56 of 3rd period - Shot Misses the Net.
18:58 of 3rd period - Slapshot by Cody Ceci.
18:58 of 3rd period - Stopped by Kevin Poulin with a rebound.
19:00 of 3rd period - Wrist shot by Matt Martin.
19:00 of 3rd period - Stopped by Kevin Poulin with a rebound.
19:02 of 3rd period - Snap shot by Anthony Mantha.
19:02 of 3rd period - Stopped by Kevin Poulin without a rebound.
19:03 of 3rd period - Nicklas Backstrom wins face-off versus Jonathan Toews in Bruins zone.
19:12 of 3rd period - Slapshot by Nicklas Backstrom.
19:12 of 3rd period - Shot Misses the Net.
19:19 of 3rd period - Icing by Brendan Smith.
19:20 of 3rd period - Nicklas Backstrom wins face-off versus Jonathan Toews in Bruins zone.
19:48 of 3rd period - Snap shot by Jonathan Toews.
19:48 of 3rd period - Shot Misses the Net.
19:59 of 3rd period - Icing by Brendan Smith.
Goals for this period are 1 for Bruins vs 0 for Blues.
Shots for this period are 10 for Bruins vs 16 for Blues.